 Dungeon Crawl Stone Soup version 0.28.0-43-g3370ac3207 (webtiles) character file.

Game seed: 13677468898131983586

103 Peloso the Covered (level 4, -2/41 HPs)
             Began as a Minotaur Fighter on Mar 18, 2022.
             Was an Initiate of Okawaru.
             Slain by Grinder (6 damage)
             ... on level 3 of the Dungeon.
             The game lasted 00:02:53 (2440 turns).

Peloso the Covered (Minotaur Fighter)               Turns: 2440, Time: 00:02:54

Health: -2/41      AC:  7    Str: 20    XL:     4   Next: 51%
Magic:  3/3        EV:  9    Int:  5    God:    Okawaru [......]
Gold:   153        SH:  5    Dex: 12    Spells: 3/3 levels left

rFire   + + .      SeeInvis .   a - +10 long sword of Lies {flame, rElec rF++ rC-}
rCold   x . .      Faith    +   c - +0 buckler
rNeg    . . .      Spirit   .   b - +0 scale mail
rPois   .          Reflect  .   (helmet restricted)
rElec   +          Harm     .   (no cloak)
rCorr   .          Rampage  .   (no gloves)
Will    .....                   (no boots)
Stlth   ..........              l - amulet of faith
HPRegen 0.13/turn               (no ring)
MPRegen 0.08/turn               (no ring)

@: no status effects
A: horns 2, retaliatory headbutt
a: Renounce Religion


You were on level 3 of the Dungeon.
You worshipped Okawaru.
Okawaru was noncommittal.
You visited 1 branch of the dungeon, and saw 3 of its levels.

You collected 153 gold pieces.

Inventory:

Hand Weapons
 a - the +10 long sword of Lies (weapon) {flame, rElec rF++ rC-}
   (You found it on level 2 of the Dungeon)

   It burns those it strikes, dealing additional fire damage.
   Big, fiery blades are also staple armaments of hydra-hunters.
   rF:        It greatly protects you from fire.
   rC:        It makes you vulnerable to cold.
   rElec:     It insulates you from electricity.
Armour
 b - a +0 scale mail (worn)
 c - a +0 buckler (worn)
Jewellery
 l - an amulet of faith (around neck)
Scrolls
 g - a scroll of noise {unknown}
 h - a scroll of brand weapon {unknown}
 i - a scroll of identify {unknown}
 m - a scroll of torment {unknown}
 n - a scroll of immolation {unknown}
 o - a scroll of teleportation {unknown}
Potions
 d - a potion of might
 e - a potion of curing {unknown}
 f - a potion of brilliance {unknown}
 j - a potion of haste {unknown}
 k - a potion of degeneration {unknown}


   Skills:
 + Level 4.4 Fighting
 + Level 3.9 Long Blades
 + Level 4.4 Armour
 + Level 1.0 Dodging
 + Level 0.1 Stealth
 + Level 4.0 Shields


You had 3 spell levels left.
You didn't know any spells.
Your spell library contained the following spells:

 Spells                   Type           Power      Damage    Failure   Level
 Corpse Rot               Necr/Air       0%         N/A       96%         2
 Ensorcelled Hibernation  Hex/Ice        0%         N/A       96%         2
 Poisonous Vapours        Pois/Air       0%         N/A       96%         2
 Spider Form              Tmut/Pois      0%         N/A       99%         3
 Anguish                  Hex/Necr       0%         N/A       100%        4


Dungeon Overview and Level Annotations

Branches:
Dungeon (3/15)

Altars:
Okawaru

Annotations:
D:3 1 runed translucent door, Grinder; P0WERM0DE's ghost, weakling VSAK


Innate Abilities, Weirdness & Mutations

You have a pair of horns on your head.
You reflexively headbutt those who attack you in melee.


Message History

There is an escape hatch in the ceiling here.
There is an escape hatch in the ceiling here.
You see here a wand of charming (9).
Found an escape hatch in the floor.
There is an escape hatch in the floor here.
There is an escape hatch in the floor here.
Found a stone staircase leading up.
You see here a wand of charming (9).
You now have 140 gold pieces (gained 8).
A frilled lizard comes into view.
A frilled lizard is nearby!
You slice the frilled lizard!! You burn the frilled lizard.
You kill the frilled lizard!
Okawaru accepts your kill.
You now have 153 gold pieces (gained 13).
Found a short sword.
There is a stone staircase leading down here.
You open the door.
There is an open door here.
Grinder comes into view.
Grinder shouts!
Grinder gestures at you. Pain shoots through your body!
Grinder gestures at you.
You suddenly lose the ability to move!
Grinder hits you.
Grinder blinks!
Grinder hits you.
You writhe in agony.
Grinder hits you.
You writhe in agony.
Grinder hits you.
You writhe in agony.
You can move again.
Grinder gestures at you. Pain shoots through your body!
* * * LOW HITPOINT WARNING * * *
Unknown command.
Unknown command.
Grinder hits you.
* * * LOW HITPOINT WARNING * * *
You writhe in agony.
You die...

#..........# #.# #.#
###.......#..# #.#
#.# #.+.......#..#
#.# #.#
#.#..<....#..##
#.######.#
.....#........#
#........#
#.##.#.######.#
#######..#
#....#........#
###..#
#####################
#....##
................@5..#
#.#...#
###################.#
#.##.## #.# #.##.#
###################.#
#.##.#
....................#
#.##.#
##################..#
#.##.# #..# #.##.#
#..# #.##.# # #..#
#.##.#


You could see Grinder.

Vanquished Creatures
  A bullfrog (D:3)
  A worm (D:2)
  3 dart slugs
  2 bats (D:2)
  2 endoplasms (D:2)
  3 giant cockroaches (D:2)
  3 goblins (D:1)
  4 hobgoblins
  3 kobolds
  A quokka (D:2)
  6 ball pythons
  A frilled lizard (D:3)
  2 rats (D:2)
32 creatures vanquished.

Notes
Turn   | Place    | Note
-------+----------+-------------------------------------------
     0 | D:1      | Peloso the Minotaur Fighter began the quest for the Orb.
     0 | D:1      | Reached XP level 1. HP: 19/19 MP: 0/0
   373 | D:1      | Reached XP level 2. HP: 25/27 MP: 1/1
   601 | D:1      | Found a faded altar of an unknown god.
   964 | D:2      | Found an iron altar of Okawaru.
   972 | D:2      | Became a worshipper of Warmaster Okawaru
  1248 | D:2      | Reached XP level 3. HP: 33/33 MP: 2/2
  1276 | D:2      | Identified the +10 long sword of Lies {flame, rElec rF++
                  | rC-}
  1815 | D:3      | Noticed a bullfrog
  1820 | D:3      | Killed a bullfrog
  1821 | D:3      | Reached skill level 1 in Dodging
  1821 | D:3      | Reached XP level 4. HP: 28/41 MP: 3/3
  1964 | D:3      | Found a runed translucent door.
  1964 | D:3      | Noticed a bullfrog
  1967 | D:3      | Noticed P0WERM0DE's ghost (weakling VSAK)
  2073 | D:3      | Identified the +1 chain mail of Qivewn {rElec Will- MP+9
                  | Str-4 Stlth+}
  2429 | D:3      | Noticed Grinder
  2432 | D:3      | Paralysed by Grinder for 7 turns
  2440 | D:3      | Slain by Grinder

Illustrated notes

Levels and vault maps discovered:
D:1:      lemuel_arrival_funnel, layout_loops_ring,
          dreamdust_ecumenical_altar_angels_and_demons, minmay_split_cup_small
D:2:      layout_basic, basic_altar, minmay_splitting_lines
D:3:      layout_basic, ebering_ghost_sewer_d, uniq_grinder

Skill      XL: |  1  2  3 |
---------------+----------+-----
Fighting       | 4 |  4.4
Long Blades    | 3 |  3.9
Armour         | 4 |  4.4
Dodging        | 1 |  1.0
Shields        | 4 |  4.0
Stealth        | |  0.1

Action                   |  1- 3 |  4- 6 || total
-------------------------+-------+-------++-------
Melee: Long sword        |    52 |     4 ||    56
       Headbutt          |     5 |       ||     5
Armor: Scale mail        |    15 |     4 ||    19
Dodge: Dodged            |    27 |     1 ||    28
Block: Buckler           |    11 |       ||    11
